 Dungeon Crawl Stone Soup version 0.27.1 (webtiles) character file.

Game seed: 17566249592848999144

1246 Malachi the Grappler (level 8, -41/67 HPs)
             Began as a Ghoul Monk on Aug 24, 2021.
             Was a Believer of Qazlal.
             Annihilated by a boulder beetle (56 damage)
             ... on level 6 of the Dungeon.
             The game lasted 00:06:48 (5432 turns).

Malachi the Grappler (Ghoul Monk)                   Turns: 5432, Time: 00:06:49

Health: -41/67     AC: 12    Str: 17    XL:     8   Next: 50%
Magic:  0/9        EV: 12    Int:  5    God:    Qazlal [**....]
Gold:   277        SH:  2    Dex: 11    Spells: 7/7 levels left

rFire    . . .     SeeInvis .     - Unarmed
rCold    + . .     Faith    .   (no shield)
rNeg     + + +     Spirit   .   l - +0 ring mail
rPois    ∞         Reflect  .   g - +1 helmet
rElec    .         Harm     .   t - +2 cloak {Will+}
rCorr    .         Rampage  .   k - +0 pair of gloves
Will     +....                  (no boots)
Stlth    +.........             (no amulet)
HPRegen  0.00/turn              (no ring)
MPRegen  0.11/turn              (no ring)

@: inhibited regen
A: claws 1, cold resistance 1, negative energy resistance 3, inhibited
regeneration, torment resistance 2
a: Renounce Religion, Upheaval


You were on level 6 of the Dungeon.
You worshipped Qazlal.
Qazlal was pleased with you.
You visited 1 branch of the dungeon, and saw 6 of its levels.

You collected 277 gold pieces.

Inventory:

Missiles
 b - 194 stones (quivered)
 j - 17 poisoned darts
 p - a throwing net
Armour
 g - a +1 helmet (worn)
 k - a +0 pair of gloves (worn)
 l - a +0 ring mail (worn)
 t - a +2 cloak of willpower (worn)
Magical Staves
 B - a staff of earth
Jewellery
 c - a ring of fire
 y - a ring of willpower
Wands
 f - a wand of paralysis (8)
 w - a wand of flame (21)
 x - a wand of digging (7)
Scrolls
 d - a scroll of teleportation
 i - a scroll of enchant armour
 q - 4 scrolls of fear
 v - 3 scrolls of identify
 C - a scroll of noise {unknown}
Potions
 a - a potion of magic {unknown}
 h - 2 potions of ambrosia {unknown}
 m - 4 potions of curing
 n - a potion of haste
 o - a potion of heal wounds
 r - a potion of cancellation {unknown}
 s - a potion of brilliance {unknown}
 u - a potion of flight {unknown}
 z - a potion of might {unknown}


   Skills:
 + Level 4.3 Fighting
 + Level 3.8 Armour
 - Level 4.0 Dodging
 - Level 2.3 Stealth
 - Level 0.1 Shields
 + Level 8.1 Unarmed Combat
 * Level 3.8 Invocations
 - Level 0.1 Evocations


You had 7 spell levels left.
You didn't know any spells.
Your spell library was empty.

Dungeon Overview and Level Annotations

Branches:
Dungeon (6/15)
 Temple: D:4-7

Altars:
Gozag
Qazlal
Yredelemnul

Annotations:
D:3 2 transporters, dialouliti's ghost, amateur MiFi


Innate Abilities, Weirdness & Mutations

You thrive by killing the living.
You are immune to poison.
You have sharp fingernails.
Your flesh is cold resistant. (rC+)
You are immune to negative energy. (rN+++)
You do not regenerate when monsters are visible.
You are immune to unholy pain and torment.


Message History

That's the wrong kind of item! (Use * to select it.) Evoke which item? (* to show all) (? for menu, Esc to quit)
You don't have any such object.
Evoke which item? (* to show all) (? for menu, Esc to quit)
Aiming: Iceblast
Press: ? - help, Shift-Dir - straight line, p - boulder beetle The mass of ice explodes!
The iceblast engulfs the boulder beetle but does no damage.
The boulder beetle is almost dead.
The now-empty wand crumbles to dust.
You block the boulder beetle's attack.
The boulder beetle stops rolling and uncurls.
Aiming: Upheaval
Press: ? - help, Dir - move target, f - boulder beetle
Aim: a boulder beetle (almost dead) That beam is likely to hit you.
Continue anyway?
Magma suddenly erupts from the ground!
The blast of magma engulfs the boulder beetle.
The boulder beetle is almost dead.
The boulder beetle leaps!
Unknown command.
Unknown command.
Okay, then.
The boulder beetle waves its antennae.
The boulder beetle curls into a ball and begins rolling!
There is an escape hatch in the floor here.
You block the boulder beetle's attack.
The boulder beetle stops rolling and uncurls.
The boulder beetle curls into a ball and begins rolling!
Aiming: Upheaval
Press: ? - help, Dir - move target, f/p - boulder beetle
Aim: a boulder beetle (almost dead, rolling) Magma suddenly erupts from the ground!
The blast of magma engulfs the boulder beetle!
The boulder beetle is almost dead.
Unknown command.
You hit the boulder beetle but do no damage.
The boulder beetle is almost dead.
The boulder beetle hits you!!!
Ouch! That really hurt!
You die...

##...#.#.......##..#.<
#.###.....##..........#..#
#...#..#.####.####.#.....#
#####......#####..#.# .......
............#.......###......#
...........................$..
.≈≈≈≈≈≈≈..###.................
.≈≈≈≈≈≈≈..# #.......†.........
.≈≈........##..○@##...........
.≈≈.............B##.°.........
.≈≈..♣♣♣♣......##°°.>.......##
.≈≈..♣ ...#.# #..........##
..... #...........# .#.#
...........>..# #.
#.##............. . #.
##............ . #...........


You could see a boulder beetle (rolling).

Vanquished Creatures
  2 sky beasts (D:5)
  An ogre (D:4)
  A bullfrog (D:6)
  A scorpion (D:5)
  2 water moccasin zombies
  A water moccasin skeleton (D:5)
  3 centaur zombies
  2 hounds
  Crazy Yiuf (D:3)
  A bullfrog skeleton (D:5)
  A centaur skeleton (D:4)
  3 jellies
  3 iguanas
  Natasha (thrice) (D:4)
  A hound skeleton (D:4)
  12 adders
  3 worms (D:3)
  3 dart slugs
  3 orcs
  7 ball pythons
  6 bats
  6 endoplasms
  2 giant cockroaches
  6 goblins
  10 hobgoblins
  7 quokkas
  4 frilled lizards
  12 kobolds
  6 rats
113 creatures vanquished.

Notes
Turn   | Place    | Note
-------+----------+-------------------------------------------
     0 | D:1      | Malachi the Ghoul Monk began the quest for the Orb.
     0 | D:1      | Reached XP level 1. HP: 19/19 MP: 0/0
   142 | D:1      | Found a faded altar of an unknown god.
   193 | D:1      | Reached XP level 2. HP: 24/26 MP: 1/1
   819 | D:1      | Reached XP level 3. HP: 32/33 MP: 2/2
  1238 | D:2      | Reached skill level 4 in Unarmed Combat
  1832 | D:2      | Reached XP level 4. HP: 40/40 MP: 3/3
  2054 | D:3      | Reached skill level 1 in Armour
  2121 | D:3      | Reached skill level 5 in Unarmed Combat
  2121 | D:3      | Reached XP level 5. HP: 28/46 MP: 4/4
  2536 | D:3      | Found a stormy altar of Qazlal.
  2558 | D:3      | Became a worshipper of Qazlal Stormbringer
  2558 | D:3      | Reached * piety under Qazlal
  2558 | D:3      | Reached ** piety under Qazlal
  2618 | D:3      | Found a runed translucent door.
  2619 | D:3      | Noticed Crazy Yiuf
  2690 | D:3      | Noticed dialouliti's ghost (amateur MiFi)
  2768 | D:3      | Reached XP level 6. HP: 40/52 MP: 5/5
  2950 | D:3      | Found a transporter.
  2953 | D:3      | Found a transporter.
  3300 | D:3      | Killed Crazy Yiuf
  3566 | D:4      | Noticed Natasha
  3580 | D:4      | Killed Natasha
  3581 | D:4      | Reached skill level 1 in Invocations
  3768 | D:4      | Found an opulent altar of Gozag.
  3782 | D:4      | Reached skill level 6 in Unarmed Combat
  3782 | D:4      | Reached XP level 7. HP: 59/59 MP: 7/7
  3914 | D:4      | Noticed Natasha
  3926 | D:4      | Killed Natasha
  4114 | D:4      | Noticed Natasha
  4121 | D:4      | Killed Natasha
  4188 | D:4      | Found a basalt altar of Yredelemnul.
  4415 | D:5      | Entered Level 5 of the Dungeon
  4697 | D:5      | Reached skill level 7 in Unarmed Combat
  4702 | D:5      | Reached XP level 8. HP: 66/66 MP: 9/9
  5391 | D:6      | Noticed a boulder beetle
  5410 | D:6      | Reached skill level 8 in Unarmed Combat
  5432 | D:6      | Annihilated by a boulder beetle

Illustrated notes

Levels and vault maps discovered:
D:1:      mrwooster_arrival_statue_3, layout_loops_cross,
          hellmonk_ecumenical_altar_lost_god
D:2:      layout_loops_corners
D:3:      minmay_angry_zag, layout_basic, nicolae_qazlal_general_emergency,
          gammafunk_ghost_arena, uniq_crazy_yiuf_cottage
D:4:      layout_loops_cross, mainiacjoe_overflow_surrounded_room,
          lemuel_zombie_altar_yredelemnul, uniq_natasha
D:5:      layout_layer_cave
D:6:      layout_cave_pools, lemuel_coloured_pillars_altar,
          amcnicky_altar_gilded, mainiacjoe_overflow_chevrons,
          minmay_temple_entry_slanted

Skill      XL: |  1  2  3  4  5  6  7  8 |
---------------+-------------------------+-----
Dodging        | 3 4 |  4.0
Unarmed Combat | 4 5 6 7 8 |  8.1
Armour         | 1 2 3 |  3.8
Invocations    | 2 3 |  3.8
Fighting       | 4 |  4.3
Stealth        | |  2.3
Shields        | |  0.1
Evocations     | |  0.1

Action                   |  1- 3 |  4- 6 |  7- 9 || total
-------------------------+-------+-------+-------++-------
Melee: Unarmed           |   141 |   201 |   155 ||   497
       Punch             |     2 |    10 |     5 ||    17
Invok: Upheaval          |       |       |     3 ||     3
Evoke: Wand              |       |     2 |     7 ||     9
  Use: Scroll            |       |     5 |       ||     5
       Potion            |       |     3 |       ||     3
 Stab: Sleeping          |     6 |     1 |       ||     7
Armor: Robe              |    12 |       |       ||    12
       Ring mail         |    38 |    56 |    79 ||   173
Dodge: Dodged            |    69 |    92 |    77 ||   238
Block: Other             |       |     5 |    19 ||    24
